 Dungeon Crawl Stone Soup version 0.31-a0-640-g39d97e502b (webtiles) character file.

Game seed: 13673810059648299808

490 rvierbuc the Trooper (level 6, -2/73 HPs)
             Began as a Demonspawn Berserker on Aug 27, 2023.
             Was a Priest of Trog.
             Slain by Grinder (6 damage)
             ... while paralysed by Grinder
             ... on level 5 of the Dungeon.
             The game lasted 00:08:17 (3430 turns).

rvierbuc the Trooper (Demonspawn Berserker)         Turns: 3430, Time: 00:08:17

Health: -2/73      AC:  5    Str: 26    XL:     6   Next: 90%
Magic:  6/6        EV:  2    Int:  8    God:    Trog [***...]
Gold:   209        SH:  0    Dex: 12    Spells: 5/5 levels left

rFire   . . .        t - +0 war axe
rCold   . . .        (no shield)
rNeg    . . .        b - +0 animal skin
rPois   .            (no helmet)
rElec   .            m - +2 cloak
rCorr   +            (no gloves)
SInv    .            (no boots)
Will    .....        (no amulet) Stlth
                     l - +6 ring of strength
HPRegen 0.32/turn    n - ring of resist corrosion
MPRegen 0.20/turn

%: no passive effects
@: paralysed, berserking
A: powered by death 2, magic regeneration
a: Renounce Religion, Berserk, Trog's Hand


You were on level 5 of the Dungeon.
You worshipped Trog.
Trog was most pleased with you.
You visited 1 branch of the dungeon, and saw 5 of its levels.

You collected 209 gold pieces.

Inventory:

Hand Weapons
 a - a +0 hand axe
 e - a +2 falchion of protection
 t - a +0 war axe (weapon)
Missiles
 f - 14 poisoned darts (quivered)
Armour
 b - a +0 animal skin (worn)
 m - a +2 cloak (worn)
Jewellery
 l - a +6 ring of strength (left hand)
 n - a ring of resist corrosion (right hand)
 r - a ring of magical power
Wands
 k - a wand of iceblast (8)
Scrolls
 g - 2 scrolls of identify {unknown}
 i - a scroll of teleportation {unknown}
 o - a scroll of blinking {unknown}
 s - a scroll of immolation {unknown}
 u - a scroll of fog {unknown}
Potions
 c - 3 potions of resistance {unknown}
 d - a potion of enlightenment {unknown}
 h - a potion of degeneration {unknown}
 j - 2 potions of magic {unknown}
 p - a potion of berserk rage {unknown}
 q - a potion of curing {unknown}
 v - a potion of brilliance {unknown}
 w - a potion of haste {unknown}


   Skills:
 + Level 4.6 Fighting
 + Level 4.2 Axes
 + Level 3.6 Armour
 + Level 3.7 Dodging


You had 5 spell levels left.
You didn't know any spells.
Your spell library was empty.

Dungeon Overview and Level Annotations

Branches:
Dungeon (5/15)
 Temple: D:4-7

Altars:
Kikubaaqudgha
Uskayaw
Xom

Shops:
D:2 ?

Annotations:
D:5 Grinder


Innate Abilities, Weirdness & Mutations

You regenerate health from kills.
You regenerate magic rapidly.


Message History

w - a yellow potion You throw a poisoned dart.
The poisoned dart hits Grinder.
You throw a poisoned dart. The poisoned dart hits Grinder.
You slash Grinder!
Grinder is moderately wounded.
Grinder hits you!
You writhe in agony.
You closely miss Grinder.
Grinder is moderately wounded.
Grinder completely misses you. Grinder hits you!
You writhe in agony.
You hit Grinder.
Grinder is moderately wounded.
Grinder hits you!
A red film seems to cover your vision as you go berserk!
You feel yourself moving faster!
You feel mighty! Grinder hits you!
* * * LOW HITPOINT WARNING * * *
You writhe in agony.
* * * LOW HITPOINT WARNING * * *
You hit Grinder.
Grinder is heavily wounded.
Grinder hits you but does no damage.
You hit Grinder.
Grinder is heavily wounded.
Grinder closely misses you.
You closely miss Grinder.
Grinder is heavily wounded.
You slash Grinder!
Grinder is almost dead.
Grinder gestures at you.
You barely resist. You barely miss Grinder.
Grinder is almost dead.
Grinder gestures at you.
You suddenly lose the ability to move!
Grinder hits you!
* * * LOW HITPOINT WARNING * * *
You writhe in agony.
* * * LOW HITPOINT WARNING * * *
Grinder hits you.
You die...
Grinder says, "Now the real fun starts!"

.........#.# ..
##.####..#.#........
.....†...#.#.......
...........#.......
.###..............#####.
.# #####................
.# ####......###..(.# .#
#......8..._...8.#
#..........)@5...#
#......8.......8.#
####+#...........#
........8.......8.>..
#####.#...........##.
#............##
..##########.# ### .#


You could see Grinder.

Vanquished Creatures
  A black bear (D:4)
  An ogre (D:4)
  A scorpion (D:5)
  Crazy Yiuf (D:4)
  A hound (D:4)
  2 iguanas (D:4)
  4 gnolls
  An adder (D:5)
  4 dart slugs
  3 worms
  2 orcs (D:4)
  14 endoplasms
  A giant cockroach (D:4)
  4 goblins
  6 hobgoblins
  3 jackals (D:4)
  5 quokkas
  12 ball pythons
  9 bats
  3 frilled lizards
  6 kobolds
  2 rats (D:1)
86 creatures vanquished.

Notes
Turn   | Place    | Note
-------+----------+-------------------------------------------
     0 | D:1      | rvierbuc the Demonspawn Berserker began the quest for the
                  | Orb.
     0 | D:1      | Reached XP level 1. HP: 18/18 MP: 1/1
   157 | D:1      | Gained mutation: You regenerate a little health from kills.
                  | [demonic ancestry]
   157 | D:1      | Reached XP level 2. HP: 19/24 MP: 2/2
   623 | D:1      | Reached XP level 3. HP: 29/29 MP: 3/3
   663 | D:1      | Reached ** piety under Trog
  1073 | D:2      | Found The Oracle's Delphic Readings.
  1255 | D:2      | Gained mutation: You regenerate magic rapidly. [demonic
                  | ancestry]
  1255 | D:2      | Reached XP level 4. HP: 35/35 MP: 4/4
  1491 | D:2      | Found a faded altar of an unknown god.
  2047 | D:3      | Found an ancient bone altar of Kikubaaqudgha.
  2234 | D:3      | Found a shimmering altar of Xom.
  2436 | D:4      | Noticed a black bear
  2445 | D:4      | Killed a black bear
  2446 | D:4      | Gained mutation: You regenerate health from kills. [demonic
                  | ancestry]
  2446 | D:4      | Reached XP level 5. HP: 42/42 MP: 5/5
  2707 | D:4      | Reached *** piety under Trog
  2720 | D:4      | Reached XP level 6. HP: 48/48 MP: 6/6
  2735 | D:4      | Found a runed translucent door.
  2736 | D:4      | Noticed Crazy Yiuf
  3285 | D:4      | Killed Crazy Yiuf
  3334 | D:5      | Entered Level 5 of the Dungeon
  3404 | D:5      | Found a hide-covered altar of Uskayaw.
  3415 | D:5      | Noticed Grinder
  3428 | D:5      | Paralysed by Grinder for 5 turns
  3430 | D:5      | Slain by Grinder

Illustrated notes

Levels and vault maps discovered:
D:1:      lemuel_arrival_hallway, layout_basic, chequers_jeans,
          bh_walls_and_bars
D:2:      layout_basic, shapermc_ecumenical_altar_rom_forum,
          nicolae_nh_oracle_at_delphi
D:3:      layout_loops_cross, minitemple
D:4:      layout_cave_pods, serial_column_ruins, column_ruins_open_small,
          column_ruins_grid_1, column_ruins_open_tiny, column_ruins_open_medium,
          column_ruins_grid_1, column_ruins_open_tiny, uniq_crazy_yiuf_cottage
D:5:      layout_basic, eat_drink_and_be_merry_uskayaw, uniq_grinder, uniq_pikel

Skill      XL: |  1  2  3  4  5  6 |
---------------+-------------------+-----
Armour         | 2 3 |  3.6
Dodging        | 2 3 |  3.7
Axes           | 3 4 |  4.2
Fighting       | 4 |  4.6

Action                     |  1- 3 |  4- 6 || total
---------------------------+-------+-------++-------
  Melee: Hand axe          |   107 |   137 ||   244
         Punch             |     1 |     2 ||     3
         War axe           |       |    25 ||    25
  Throw: Dart              |       |     2 ||     2
 Invoke: Berserk           |     3 |     6 ||     9
   Stab: Sleeping          |     1 |     2 ||     3
 Armour: Animal skin       |    17 |    45 ||    62
  Dodge: Dodged            |    81 |   106 ||   187

Table legend: (Time is in decaauts)
 A = Elapsed time spent in this place.
 B = Non-inter-level travel time spent in this place.
 C = Inter-level travel time spent in this place.
 D = Time resting spent in this place.
 E = Time spent auto-exploring this place.
 F = Levels seen in this place.
 G = Mean time per level.
                   A        B        C        D        E       F      G
               +--------+--------+--------+--------+--------+-----+--------+
         Total |   3539 |   3384 |    155 |    309 |   2395 |   5 |  707.8 |
       Dungeon |   3539 |   3384 |    155 |    309 |   2395 |   5 |  707.8 |
               +--------+--------+--------+--------+--------+-----+--------+

Top non-repeatable levels by time:
     D:4: 1034 daAuts
     D:2: 848 daAuts
     D:3: 780 daAuts
     D:1: 778 daAuts
     D:5: 98 daAuts
